 Dungeon Crawl Stone Soup version 0.28-a0-1435-g82390b3a13 (webtiles) character file.

Game seed: 17671995917072448179

37644 tilp the Frost Mage (level 13, 0/61 HPs)
             Began as a Felid Ice Elementalist on Jan 8, 2022.
             Was an Elder of Vehumet.
             Slain by a spriggan druid (4 damage)
             ... on level 2 of the Swamp on Jan 9, 2022.
             The game lasted 01:28:46 (45028 turns).

tilp the Frost Mage (Felid Ice Elementalist)       Turns: 45028, Time: 01:28:46

Health: 0/61       AC:  7    Str:  4    XL:     13   Next: 59%
Magic:  6/28       EV: 22    Int: 21    God:    Vehumet [****..]
Gold:   1087       SH:  0    Dex: 17    Spells: 0/33 levels left
                                        Lives:  0   Deaths: 3

rFire   . . .      SeeInvis +     - Unarmed
rCold   + . .      Faith    .   (shield unavailable)
rNeg    . . .      Spirit   .   (armour unavailable)
rPois   .          Reflect  .   (helmet unavailable)
rElec   .          Harm     .   (cloak unavailable)
rCorr   .          Rampage  .   (gloves unavailable)
Will    +....                   (boots unavailable)
Stlth   +++++.....              j - amulet of regeneration
HPRegen 1.00/turn               d - ring of wizardry
MPRegen 0.21/turn               w - +4 ring of protection

@: quick
A: very small, claws 1, fangs 3, see invisible, speed 1, shaggy fur 3, stealthy
paws, no weapons or thrown items, no armour, multi-lived
a: Renounce Religion


You were on level 2 of the Swamp.
You worshipped Vehumet.
Vehumet was greatly pleased with you.
You visited 5 branches of the dungeon, and saw 26 of its levels.
You visited 1 bazaar.
You also visited: Sewer.

You collected 3022 gold pieces.
You spent 1935 gold pieces at shops.

Inventory:

Jewellery
 d - a ring of wizardry (left paw)
 j - an amulet of regeneration (around neck)
 n - a +6 ring of strength
 q - a ring of fire
 u - a ring of positive energy
 w - a +4 ring of protection (right paw)
 y - a ring of positive energy
 G - a ring of magical power
 L - a +6 ring of strength
Wands
 o - a wand of charming (9)
 r - a wand of paralysis (9)
 v - a wand of flame (6)
 C - a wand of iceblast (8)
 D - a wand of polymorph (7)
 H - a wand of mindburst (6)
 I - a wand of digging (7)
Scrolls
 g - 10 scrolls of teleportation
 m - 4 scrolls of fog
 x - 5 scrolls of identify
 A - 2 scrolls of immolation
 B - 5 scrolls of vulnerability
 J - a scroll of fear
 M - 2 scrolls of amnesia
Potions
 a - 2 potions of ambrosia
 b - 5 potions of invisibility
 c - a potion of magic
 e - 3 potions of flight
 f - 5 potions of haste
 h - 4 potions of lignification
 i - 8 potions of brilliance
 k - 5 potions of attraction
 l - 4 potions of cancellation
 p - 5 potions of curing
 s - 5 potions of might
 t - a potion of mutation
 F - a potion of resistance
 K - a potion of berserk rage
Miscellaneous
 z - a piece from Xom's chessboard (15/15)
 E - a condenser vane (inert)


   Skills:
 - Level 10.0 Fighting
 - Level 8.0 Dodging
 - Level 10.0 Stealth
 - Level 8.0 Unarmed Combat
 + Level 10.7 Spellcasting
 + Level 11.6 Conjurations
 - Level 4.0 Hexes
 - Level 8.0 Translocations
 + Level 13.0 Ice Magic
 + Level 7.1 Earth Magic
 - Level 8.0 Evocations


You couldn't memorise any spells.
You knew the following spells:

 Your Spells              Type           Power      Damage    Failure   Level
a - Freeze                Ice            100%       1d11      1%          1
b - Frozen Ramparts       Ice            100%       1d12      1%          3
c - Ozocubu's Armour      Ice            60%        N/A       1%          3
d - Hailstorm             Conj/Ice       58%        3d13      1%          4
e - Iskenderun's Mystic   Conj/Tloc      51%        2d11      1%          4
f - Ozocubu's Refrigerat  Ice            30%        4d11      3%          7
g - Iron Shot             Conj/Erth      25%        9d5       2%          6
h - Freezing Cloud        Conj/Ice/Air   22%        6-21      1%          5

Your spell library contained the following spells:

 Spells                   Type           Power      Damage    Failure   Level
 Yara's Violent Unravell  Hex/Tmut       9%         3d6       9%          5
 Foxfire                  Conj/Fire      100%       2x1d9     1%          1
 Magic Dart               Conj           100%       1d8       1%          1
 Slow                     Hex            100%       N/A       1%          1
 Ensorcelled Hibernation  Hex/Ice        92%        N/A       1%          2
 Passwall                 Tmut/Erth      21%        N/A       1%          2
 Poisonous Vapours        Pois/Air       22%        N/A       1%          2
 Searing Ray              Conj           100%       2d8       1%          2
 Confusing Touch          Hex            28%        N/A       1%          3
 Dazzling Flash           Conj/Hex       88%        N/A       1%          3
 Inner Flame              Hex/Fire       19%        N/A       1%          3
 Fulminant Prism          Conj/Hex       22%        3d13      1%          4
 Fireball                 Conj/Fire      17%        3d9       1%          5
 Irradiate                Conj/Tmut      17%        3d19      1%          5
 Lightning Bolt           Conj/Air       17%        1d32      1%          5
 Animate Skeleton         Necr           22%        N/A       2%          1
 Pain                     Necr           44%        1d6       2%          1
 Corpse Rot               Necr/Air       22%        N/A       3%          2
 Sublimation of Blood     Necr           11%        N/A       3%          2
 Petrify                  Tmut/Erth      26%        N/A       6%          4
 Spider Form              Tmut/Pois      11%        N/A       8%          3
 Vampiric Draining        Necr           11%        2d6       8%          3
 Starburst                Conj/Fire      17%        6d6       10%         6
 Simulacrum               Ice/Necr       19%        N/A       26%         6
 Lehudib's Crystal Spear  Conj/Erth      25%        10d7      56%         8
 Polar Vortex             Ice            30%        N/A       90%         9


Dungeon Overview and Level Annotations

Branches:
Dungeon (15/15)            Temple (1/1) D:4            Lair (6/6) D:10
  Swamp (2/4) Lair:2       Spider (0/4) Lair:2        Slime (0/5) Lair:6
    Orc (2/2) D:11            Elf (0/3) Orc:2        Vaults (0/5) D:14
 Depths (0/4) D:15          Sewer (visited)

Altars:
Ashenzari
Cheibriados
Dithmenos
Elyvilon
Fedhas
Gozag
Hepliaklqana
Kikubaaqudgha
Makhleb
Nemelex Xobeh
Okawaru
Qazlal
Ru
Sif Muna
Trog
Uskayaw
Vehumet
Wu Jian
Xom
Yredelemnul
Zin
The Shining One
Beogh

Shops:
D:3 (   D:10 *   Orc:2 :*=:

Annotations:
D:7 cold vault
D:15 exclusion: 4 doors


Innate Abilities, Weirdness & Mutations

You have sharp claws.
You have razor-sharp teeth.
You have supernaturally acute eyesight. (SInv)
You cover ground quickly. (Speed+)
Your thick and shaggy fur keeps you warm. (AC +3, rC+)
Your paws help you pounce on unaware monsters.
You are incapable of wielding weapons or throwing items.
You cannot wear armour.
You gain extra lives every three experience levels.


Message History

Aiming: Iron Shot (dangerous; 2% risk of failure)
Press: ? - help, Shift-Dir - straight line, f - bunyip
Aim: a bunyip (moderately wounded, 71% to hit)
The iron shot hits the bunyip!!
The bunyip is severely wounded.
You hear a shout!
A spriggan druid comes into view. It is wielding a +0 quarterstaff.
You hear a chilling moan.
Casting: Iron Shot (dangerous; 2% risk of failure)
Confirm with . or Enter, or press ? or * to list all spells.
Aiming: Iron Shot (dangerous; 2% risk of failure)
Press: ? - help, Shift-Dir - straight line, f/p - bunyip
Aim: a bunyip (severely wounded, 71% to hit)
The iron shot hits the bunyip!!
You kill the bunyip!
Vehumet accepts your kill.
Your Ice Magic skill increases to level 13!
You enter the shallow water.
Moving in this stuff is going to be slow.
You enter the shallow water.
Moving in this stuff is going to be slow.
The spriggan druid gestures wildly while chanting.
The forest starts to sway and rumble!
You are hit by a branch!
The spriggan druid calls out to the beasts of the wild!
You are hit by a branch!
A root smacks you from below!
You can drink potions again.
There is a stone staircase leading up here.
You enter the shallow water.
Moving in this stuff is going to be slow.
A root smacks you from below!
* * * LOW HITPOINT WARNING * * *
You are waved at by a branch.
A tree reaches out and hits you.
* * * LOW HITPOINT WARNING * * *
There is a stone staircase leading up here.
A root smacks you from below!
* * * LOW HITPOINT WARNING * * *
The spriggan druid hits you with a +0 quarterstaff.
You die...

♣≈.≈..♣≈.≈≈♣♣♣...♣♣♣.♣.♣♣
♣..≈≈.≈≈≈.♣♣ ♣..>♣♣♣♣♣.♣
♣.....≈§≈♣♣ ♣♣[♣..♣♣♣♣.♣
.≈≈[≈..♣♣♣ ♣.≈≈...♣♣..♣
♣.♣♣♣♣♣♣ ♣♣..≈≈..≈≈.♣ ♣♣♣
♣≈♣.≈..≈♣.♣ ♣♣≈♣♣≈>....♣
♣..♣≈...≈≈≈♣♣
♣.>♣@.≈...≈.♣♣
♣≈≈.i≈.♣♣..≈.♣
♣≈≈♣≈≈.♣♣♣≈♣♣♣ ♣.≈≈≈.♣♣
≈≈≈♣ ♣.≈.≈♣♣ ♣≈≈≈♣
♣♣...♣♣ ≈≈≈≈≈. ♣♣...♣♣
≈≈≈≈♣≈. ♣♣♣.^≈≈♣♣ ≈≈♣♣..$
♣...≈.♣≈♣♣ ♣≈♣ .♣


You could see a spriggan druid.

Vanquished Creatures
  Gastronok (Lair:3)
  Aizul (Swamp:1)
  An orc warlord (Orc:1)
  The ghost of Fuch the Fighter, a journeyman DsCj of Okawaru (Lair:5)
  2 eleionomae
  3 bunyips
  Snorg (Lair:3)
  Harold (Lair:2)
  2 catoblepae
  4 boulder beetles
  3 centaur warriors
  A ghost crab (Swamp:2)
  9 hydras
  An anaconda (Lair:6)
  2 ogre magi
  2 alligators (Swamp:2)
  9 two-headed ogres
  A tengu warrior (D:13)
  9 death yaks
  3 orc high priests (Orc:2)
  2 skeletal warriors (D:14)
  4 goliath frogs
  A spriggan druid (Swamp:2)
  A wizard (D:15)
  A bog body (Swamp:2)
  A lindwurm (Lair:6)
  Pikel (D:9)
  4 deep elf pyromancers
  5 orc knights (Orc:2)
  4 orc sorcerers (Orc:2)
  2 cyclopes
  12 ugly things
  4 manticores
  5 elephants (Lair:2)
  The ghost of sastreii the Ducker, a novice GnMo of Gozag (D:5)
  2 gargoyles (D:13)
  2 black mambas (Lair:6)
  8 cane toads
  Maggie (D:7)
  2 unseen horrors
  8 yaktaurs
  Psyche (D:12)
  3 rime drakes
  2 efreet (D:15)
  8 komodo dragons
  5 trolls
  3 polar bears
  2 bloated husks
  The ghost of qborf the Nimble, an amateur GnWn (D:5)
  Grinder (D:6)
  2 tyrant leeches
  8 hornets
  11 blink frogs
  A merfolk (shapeshifter) (D:14)
  A wolf spider simulacrum (D:15)
  7 dream sheep (Lair:6)
  11 slime creatures
  16 spriggans
  A shadow (D:12)
  39 yaks
  A wraith (D:13)
  2 vampires
  5 wyverns
  8 basilisks
  A steam dragon (D:8)
  9 vampire mosquitoes
  A warg (Orc:2)
  10 swamp worms
  2 acid dragons
  13 water moccasins
  34 orc warriors
  A black bear (shapeshifter) (D:13)
  2 necrophages
  3 black bears (Lair:6)
  14 ogres
  8 boggarts
  4 centaurs (D:15)
  14 wolves (Lair:6)
  3 lemures (D:9)
  4 kobold brigands
  Blork the orc (D:6)
  12 bullfrogs
  A wyvern zombie (D:4)
  A scorpion (shapeshifter) (D:14)
  2 scorpions (D:5)
  5 wights (D:7)
  A howler monkey (D:10)
  4 centaur zombies
  2 hounds
  3 jellies
  5 centaur skeletons
  17 orc priests
  3 iguanas
  23 orc wizards
  A statue (D:5)
  A howler monkey skeleton (D:6)
  5 adders
  3 river rats
  2 white imps
  An adder zombie (D:5)
  3 dart slugs
  4 worms
  76 orcs
  14 endoplasms
  9 giant cockroaches
  4 goblins
  13 hobgoblins
  2 jackals (D:2)
  4 quokkas
  10 ball pythons
  2 bats
  7 frilled lizards
  15 kobolds
  10 rats
656 creatures vanquished.

Vanquished Creatures (others)
  An orc warrior (Orc:2)
  2 orcs (Orc:2)
  67 fungi
  87 plants
  6 withered plants (D:5)
163 creatures vanquished.

Grand Total: 819 creatures vanquished

Notes
Turn   | Place    | Note
-------+----------+-------------------------------------------
     0 | D:1      | tilp the Felid Ice Elementalist began the quest for the
                  | Orb.
     0 | D:1      | Reached XP level 1. HP: 7/7 MP: 4/4
   405 | D:1      | Reached XP level 2. HP: 10/11 MP: 0/6
   495 | D:1      | Found a faded altar of an unknown god.
   520 | D:1      | Reached skill level 4 in Ice Magic
  1215 | D:1      | You fall into a shaft and drop 1 floor!
  1661 | D:1      | Identified a scroll of acquirement
  1661 | D:1      | Acquired 643 gold pieces
  1876 | D:2      | Reached XP level 3. HP: 7/14 MP: 4/7
  1880 | D:2      | Learned a level 3 spell: Frozen Ramparts
  2957 | D:2      | Learned a level 3 spell: Ozocubu's Armour
  3001 | D:3      | Got the Almanac of Transmigration and the Volcanoes
  3077 | D:3      | Found the +7 mace of Variability {chain chaos}
  3242 | D:3      | Reached XP level 4. HP: 17/18 MP: 7/9
  3302 | D:3      | Found a stormy altar of Qazlal.
  3498 | D:3      | Reached skill level 5 in Ice Magic
  3782 | D:3      | Reached XP level 5. HP: 20/21 MP: 3/10
  3961 | D:3      | Found Codweobb's Weapon Shoppe.
  4083 | D:3      | Reached skill level 6 in Ice Magic
  4531 | D:3      | Acquired an amulet of regeneration
  4559 | D:4      | Noticed an ogre
  4627 | D:4      | Killed an ogre
  4628 | D:4      | Reached skill level 1 in Fighting
  4628 | D:4      | Reached skill level 1 in Unarmed Combat
  4628 | D:4      | Gained mutation: You are covered in thick fur. (AC +2)
                  | [Felid growth]
  4628 | D:4      | Reached XP level 6. HP: 25/25 MP: 1/11
  4850 | D:4      | Learned a level 4 spell: Hailstorm
  4962 | D:4      | Found a staircase to the Ecumenical Temple.
  5506 | D:4      | Found a shimmering altar of Xom.
  5615 | D:4      | Reached XP level 7. HP: 30/30 MP: 3/12
  5820 | D:4      | Found a shimmering blue altar of Sif Muna.
  6207 | Temple   | Entered the Ecumenical Temple
  6293 | D:5      | Entered Level 5 of the Dungeon
  6340 | D:5      | Reached skill level 5 in Stealth
  6367 | D:5      | Found a runed translucent gate.
  6367 | D:5      | Found a runed translucent gate.
  6367 | D:5      | Found a runed translucent gate.
  6371 | D:5      | Noticed sastreii's ghost (novice GnMo)
  6371 | D:5      | Noticed qborf's ghost (amateur GnWn)
  6483 | D:5      | Found a glowing drain.
  6597 | Sewer    | Entered a sewer
  7269 | Sewer    | Found a viscous altar of Jiyva.
  7584 | D:5      | Found a radiant altar of Vehumet.
  7636 | D:5      | Became a worshipper of Vehumet
  7716 | D:5      | Found a hide-covered altar of Uskayaw.
  7821 | D:5      | Reached skill level 1 in Conjurations
  7821 | D:5      | Reached XP level 8. HP: 33/33 MP: 12/14
  8569 | D:6      | Found a blossoming altar of Fedhas.
  8706 | D:6      | Noticed Grinder
  8785 | D:6      | Noticed Blork the orc
  8800 | D:6      | Killed Blork the orc
  9495 | D:7      | Found a sacrificial altar of Ru.
  9539 | D:7      | Reached skill level 7 in Ice Magic
  9684 | D:7      | Noticed Maggie
 10741 | D:8      | Found a glowing golden altar of the Shining One.
 10782 | D:8      | Reached skill level 5 in Spellcasting
 11145 | D:8      | Found a glowing silver altar of Zin.
 11174 | D:8      | Found a white marble altar of Elyvilon.
 11204 | D:8      | Reached XP level 9. HP: 36/36 MP: 14/17
 11581 | D:8      | Found an opulent altar of Gozag.
 11876 | D:9      | Noticed a five-headed hydra
 11891 | D:9      | Killed a five-headed hydra
 11892 | D:9      | Reached skill level 8 in Ice Magic
 12374 | D:9      | Reached * piety under Vehumet
 12374 | D:9      | Offered knowledge of Foxfire by Vehumet.
 12652 | D:9      | Noticed Pikel
 12796 | D:9      | Killed Pikel
 12797 | D:9      | Reached skill level 5 in Dodging
 13064 | D:10     | Entered Level 10 of the Dungeon
 13284 | D:10     | Noticed a troll
 13286 | D:10     | Killed a troll
 13287 | D:10     | Reached skill level 5 in Fighting
 13287 | D:10     | Reached skill level 5 in Unarmed Combat
 13287 | D:10     | Reached skill level 1 in Evocations
 13290 | D:10     | Identified the +4 chain mail of Dogmatism {rF+ Dex+2 SInv}
 13338 | D:10     | Found Ynick's Serpentskin Sales.
 13346 | D:10     | Found a staircase to the Lair.
 13349 | D:10     | Reached XP level 10. HP: 44/44 MP: 18/18
 13476 | D:10     | Found a hazy altar of Hepliaklqana.
 13711 | D:10     | Noticed a two-headed ogre
 13717 | D:10     | Killed a two-headed ogre
 14166 | D:11     | Found a staircase to the Orcish Mines.
 14194 | D:11     | Offered knowledge of Magic Dart by Vehumet.
 14197 | D:11     | Reached ** piety under Vehumet
 14354 | D:11     | Noticed a manticore
 14359 | D:11     | Killed a manticore
 14369 | D:11     | Reached skill level 5 in Conjurations
 14485 | D:11     | Reached XP level 11. HP: 43/48 MP: 11/21
 14881 | D:11     | Reached skill level 9 in Ice Magic
 16312 | D:6      | Killed Grinder
 16403 | D:5      | Killed sastreii's ghost
 16407 | D:5      | Killed qborf's ghost
 16748 | D:7      | Killed Maggie
 16758 | D:7      | Offered knowledge of Conjure Flame by Vehumet.
 17046 | Orc:1    | Entered Level 1 of the Orcish Mines
 17085 | Orc:1    | Noticed an orc warlord
 17098 | Orc:1    | Reached *** piety under Vehumet
 17268 | Lair:1   | Entered Level 1 of the Lair of Beasts
 17397 | Lair:1   | Reached skill level 10 in Ice Magic
 17401 | Lair:1   | Offered knowledge of Dazzling Flash by Vehumet.
 17554 | Lair:1   | Learned a level 3 spell: Dazzling Flash
 17789 | Lair:1   | Reached skill level 1 in Hexes
 18251 | Lair:2   | Noticed Harold
 18262 | Lair:2   | Killed Harold
 18520 | Lair:2   | Gained mutation: Your thick and shaggy fur keeps you warm.
                  | (AC +3, rC+) [Felid growth]
 18520 | Lair:2   | Reached XP level 12. HP: 37/52 MP: 16/23
 18780 | Lair:2   | Found a hole to the Spider Nest.
 18939 | Lair:2   | Noticed a five-headed hydra
 18967 | Lair:2   | Killed a five-headed hydra
 19081 | Lair:2   | Reached skill level 5 in Evocations
 19110 | Lair:2   | Reached **** piety under Vehumet
 19639 | Lair:2   | Noticed a six-headed hydra
 19645 | Lair:2   | Killed a six-headed hydra
 19647 | Lair:2   | Noticed an eight-headed hydra
 19655 | Lair:2   | Killed an eight-headed hydra
 19915 | Lair:2   | Found a staircase to the Swamp.
 20189 | Lair:3   | Offered knowledge of Airstrike by Vehumet.
 20420 | Lair:3   | Learned a level 2 spell: Searing Ray
 20521 | Lair:3   | Noticed Gastronok
 20620 | Lair:3   | Noticed Snorg
 20622 | Lair:3   | Noticed a catoblepas
 20627 | Lair:3   | Killed Snorg
 20698 | Lair:3   | Noticed a seven-headed hydra
 21217 | Lair:3   | Reached skill level 10 in Stealth
 21674 | Lair:3   | Killed a seven-headed hydra
 21889 | Lair:3   | Killed a catoblepas
 22202 | Lair:4   | Acquired the Collected Works on Arcane Weapons
 22209 | Lair:4   | Learned a level 4 spell: Iskenderun's Mystic Blast
 22320 | Lair:4   | Noticed a seven-headed hydra
 22337 | Lair:4   | Killed a seven-headed hydra
 23477 | Lair:4   | Found an ancient bone altar of Kikubaaqudgha.
 23679 | Lair:4   | Upgraded the game from 0.28-a0-1429-gf3d713df7a to
                  | 0.28-a0-1435-g82390b3a13
 23716 | Lair:5   | Found a runed translucent door.
 23889 | Lair:5   | Reached XP level 13. HP: 59/59 MP: 18/24
 23980 | Lair:5   | Identified the +1 scale mail of Focus {rElec Will+ Dex-3}
 24950 | Lair:5   | Noticed Fuch's ghost (journeyman DsCj)
 24984 | Lair:6   | Entered Level 6 of the Lair of Beasts
 25986 | Lair:6   | Found a staircase to the Slime Pits.
 26007 | Lair:6   | Reached skill level 10 in Fighting
 26014 | Lair:6   | Learned a level 6 spell: Iron Shot
 26272 | Lair:6   | Reached skill level 1 in Translocations
 26273 | Lair:6   | Reached skill level 1 in Earth Magic
 27906 | Lair:6   | Reached ***** piety under Vehumet
 27916 | Lair:6   | HP: 2/61 [spriggan rider (23)]
 28223 | Lair:6   | Offered knowledge of Spellforged Servitor by Vehumet.
 28961 | Lair:6   | Paralysed by a hornet for 2 turns
 28962 | Lair:6   | HP: 2/61 [hornet (14)]
 28962 | Lair:6   | Demolished by a polar bear
 28963 | Lair:6   | Reached XP level 12. HP: -14/58 MP: 6/25
 28966 | Lair:6   | Reached XP level 13. HP: 61/61 MP: 26/26
 30059 | Orc:1    | Killed an orc warlord
 30060 | Orc:1    | Reached skill level 11 in Ice Magic
 30064 | Orc:1    | HP: 3/61 [orc warrior[an orc warlord] (10)]
 30794 | Orc:2    | Entered Level 2 of the Orcish Mines
 30794 | Orc:2    | Found a staircase to the Elven Halls.
 31077 | Orc:2    | Offered knowledge of Flame Wave by Vehumet.
 31239 | Orc:2    | Found a flickering gateway to a bazaar.
 31249 | Bazaar   | Entered a bazaar
 31258 | Bazaar   | Found Sonwephu's Antique Armour Boutique.
 31262 | Bazaar   | Found Anelatos's Weapon Boutique.
 31262 | Bazaar   | Found Plog's Armour Boutique.
 31263 | Bazaar   | Found Xueren's Weapon Boutique.
 31985 | Orc:2    | Paralysed by an orc sorcerer for 4 turns
 32280 | Orc:2    | Found Faxeylit's Book Boutique.
 32284 | Orc:2    | Found Juykeus's Assorted Antiques.
 32743 | Orc:2    | Reached skill level 10 in Conjurations
 32976 | Orc:2    | Found Dyigeuh's Book Emporium.
 32978 | Orc:2    | Found Aceda's Jewellery Boutique.
 33173 | Orc:2    | Bought Ozocubu's Autobiography for 432 gold pieces
 33173 | Orc:2    | Bought a book of Ice for 828 gold pieces
 33182 | Orc:2    | Learned a level 7 spell: Ozocubu's Refrigeration
 33184 | Orc:2    | Bought a potion of curing for 81 gold pieces
 33184 | Orc:2    | Bought a scroll of teleportation for 81 gold pieces
 33184 | Orc:2    | Bought a scroll of teleportation for 81 gold pieces
 33194 | Orc:2    | Bought a +4 ring of protection for 432 gold pieces
 33691 | D:12     | Noticed Psyche
 33695 | D:12     | Killed Psyche
 33856 | D:12     | Found a glowing silver altar of Zin.
 34595 | D:13     | Reached skill level 5 in Translocations
 35431 | D:13     | Reached XP level 14. HP: 66/66 MP: 16/28
 36217 | D:14     | Reached skill level 12 in Ice Magic
 36217 | D:14     | Reached skill level 5 in Earth Magic
 37908 | D:14     | HP: 1/66 [yaktaur/bolt (13)]
 38080 | D:14     | Identified the +0 pair of boots of Yxiotuid {Fly rPois rF+
                  | Dex-4}
 38908 | D:14     | Found a gate to the Vaults.
 38983 | D:15     | Entered Level 15 of the Dungeon
 39324 | D:15     | Reached skill level 10 in Spellcasting
 39335 | D:15     | Offered knowledge of Yara's Violent Unravelling by Vehumet.
 39713 | D:15     | Shot with a bolt by a yaktaur
 39714 | D:15     | Reached XP level 13. HP: 0/61 MP: 10/28
 40385 | D:15     | Found a bloodstained altar of Trog.
 40606 | D:15     | Reached XP level 14. HP: 29/66 MP: 10/29
 40826 | D:15     | Found a staircase to the Depths.
 41622 | Lair:3   | Killed Gastronok
 41782 | Lair:5   | Killed Fuch's ghost
 41925 | Lair:5   | Learned a level 5 spell: Freezing Cloud
 42014 | Swamp:1  | Entered Level 1 of the Swamp
 43609 | Swamp:1  | Noticed Aizul
 43617 | Swamp:1  | HP: 1/66 [Aizul (15)]
 43619 | Swamp:1  | Succumbed to Aizul's bolt of poison
 43619 | Swamp:1  | Killed Aizul
 43620 | Swamp:1  | Reached XP level 13. HP: 0/61 MP: 8/28
 43839 | Swamp:2  | Noticed an eleionoma
 43937 | Swamp:1  | Killed an eleionoma
 44111 | Swamp:2  | Identified the +4 scale mail of the Tick {Harm rElec rF++
                  | Will+}
 45010 | Swamp:2  | Noticed a bunyip
 45014 | Swamp:2  | Killed a bunyip
 45015 | Swamp:2  | Reached skill level 13 in Ice Magic
 45028 | Swamp:2  | Slain by a spriggan druid

Illustrated notes

Levels and vault maps discovered:
D:1:      minmay_arrival_stone_box, layout_basic, shapermc_ecumenical_altar_gd
D:2:      layout_basic
D:3:      layout_basic, mainiacjoe_overflow_brackets, serial_shops,
          nicolae_shop_bloodbath_and_beyond
D:4:      layout_layer_cave, mainiacjoe_overflow_swirl,
          minmay_temple_entry_junction, serial_bayou, serial_bayou_pond_d,
          serial_bayou_shore_b, serial_bayou_pond_c, serial_bayou_pond_d
D:5:      layout_gridville, kennysheep_little_box, vehumet_statue,
          gup_sewer_entry_bubbles, gammafunk_ghost_cemetery
D:6:      layout_basic, fedhas_altar_1, serial_park_tiny_1, uniq_grinder,
          uniq_blork_the_orc
D:7:      lemuel_ice_spiral_2, layout_basic,
          mainiacjoe_overflow_surrounded_room, minmay_starry_boxes, uniq_maggie
D:8:      layout_loops_corners, pdpol_temple_overflow_zin_treasury_gozag_greed,
          elyvilon_altar_1, kennysheep_mini
D:9:      layout_basic, serial_curves, eino_curves_01, eino_curves_01,
          eino_small_chamber_without_monster, item_on_display_b, uniq_pikel
D:10:     layout_loops_cross, mainiacjoe_overflow_six_doors_small,
          david_lair_shrubbed, guppyfry_shop_venom
D:11:     layout_layer_cave, david_orc_5
D:12:     layout_basic, zin_statuary, uniq_psyche
D:13:     layout_cave_pools
D:14:     layout_cave_pools, hangedman_vaults_entry_quadrant_bands,
          chequers_avenue, kennysheep_path_1, kennysheep_four_rooms
D:15:     hangedman_slaughterboxes
Temple:   eino_wide_crystal_templ
Lair:1:   layout_chaotic_city, serial_bayou_shore_b
Lair:2:   layout_concentric_octagons, palyth_hydra_swamp_entry,
          dummy_spider_entry, uniq_harold
Lair:3:   layout_cave_pods, grunt_megastairs_4, uniq_snorg, uniq_gastronok
Lair:4:   layout_regular_city, basic_altar
Lair:5:   layout_regular_city, ebering_ghost_reflecting_pool, lemuel_fruit_tree,
          lemuel_fruit_fields, serial_bayou_shore_b
Lair:6:   minmay_lair_end_enchanted_forest, layout_regular_city, slime_dummy
Swamp:1:  layout_basic_swamp, evilmike_swamp_ruin_house_5, uniq_aizul
Swamp:2:  layout_falls_marsh, nicolae_swamp_treefoil, swamp_pool4, uniq_donald
Orc:1:    layout_diamond_mine, nicolae_volcano_entry_hallway
Orc:2:    st_orc_elflike, layout_caves, serial_shops, freezing_bzr

Skill      XL: |  1  2  3  4  5  6  7  8  9 10 11 12 13 14 |
---------------+-------------------------------------------+-----
Ice Magic      | 4 5 6 7 8 10 13 12 | 13.0
Spellcasting   | 3 5 6 7 9 10 | 10.7
Fighting       | 1 2 5 6 8 10 | 10.0
Dodging        | 3 4 5 6 8 |  8.0
Stealth        | 3 4 6 7 8 10 | 10.0
Unarmed Combat | 1 2 4 5 6 8 |  8.0
Conjurations   | 1 3 4 5 8 10 11 | 11.6
Evocations     | 1 4 7 8 |  8.0
Hexes          | 4 |  4.0
Translocations | 5 8 |  8.0
Earth Magic    | 7 6 |  7.1

Action                   |  1- 3 |  4- 6 |  7- 9 | 10-12 | 13-15 || total
-------------------------+-------+-------+-------+-------+-------++-------
Melee: Unarmed           |    30 |    32 |   136 |   168 |   376 ||   742
       Bite              |     3 |     9 |    24 |    28 |    76 ||   140
       Punch             |       |     2 |     4 |    11 |    39 ||    56
 Cast: Freeze            |    49 |    23 |    63 |    60 |    39 ||   234
       Frozen Ramparts   |     3 |    13 |    38 |    61 |    84 ||   199
       Ozocubu's Armour  |       |     8 |    30 |    53 |   105 ||   196
       Hailstorm         |       |       |    13 |    84 |   158 ||   255
       Dazzling Flash    |       |       |       |     1 |       ||     1
       Iskenderun's Myst |       |       |       |    12 |    33 ||    45
       Iron Shot         |       |       |       |       |    98 ||    98
       Ozocubu's Refrige |       |       |       |       |    76 ||    76
       Searing Ray       |       |       |       |       |    15 ||    15
Evoke: Wand              |       |       |     1 |     9 |    19 ||    29
       Condenser vane    |       |       |       |       |     5 ||     5
  Use: Scroll            |     3 |     5 |    13 |    10 |     6 ||    37
       Potion            |       |       |     1 |     2 |     4 ||     7
 Stab: Sleeping          |    12 |       |    12 |    15 |     9 ||    48
       Paralysed         |       |       |       |     1 |     2 ||     3
       Petrified         |       |       |       |       |     2 ||     2
Armor: Skin              |     2 |     4 |    42 |    34 |   122 ||   204
Dodge: Dodged            |    43 |    32 |   144 |   202 |   439 ||   860

Table legend: (Time is in decaauts)
 A = Elapsed time spent in this place.
 B = Non-inter-level travel time spent in this place.
 C = Inter-level travel time spent in this place.
 D = Time resting spent in this place.
 E = Time spent auto-exploring this place.
 F = Levels seen in this place.
 G = Mean time per level.
                   A        B        C        D        E       F      G
               +--------+--------+--------+--------+--------+-----+--------+
         Total |  40843 |  38151 |   2692 |  14379 |  17943 |  28 | 1458.7 |
       Dungeon |  21974 |  20585 |   1389 |   6521 |  11241 |  15 | 1464.9 |
        Temple |     58 |     41 |     17 |      0 |     35 |   1 |   58.0 |
          Lair |  12977 |  11977 |   1000 |   5013 |   5099 |   6 | 2162.8 |
         Swamp |   2121 |   2039 |     82 |   1346 |    461 |   2 | 1060.5 |
  Orcish Mines |   2935 |   2733 |    202 |   1220 |    784 |   2 | 1467.5 |
        Bazaar |     57 |     57 |      0 |      0 |     29 |   1 |   57.0 |
         Sewer |    719 |    719 |      0 |    278 |    292 |   1 |  719.0 |
               +--------+--------+--------+--------+--------+-----+--------+

Top non-repeatable levels by time:
  Lair:6: 3959 daAuts
    D:14: 3150 daAuts
  Lair:2: 2867 daAuts
  Lair:3: 2473 daAuts
    D:11: 1970 daAuts
   Orc:2: 1934 daAuts
    D:15: 1716 daAuts
     D:1: 1487 daAuts
     D:2: 1485 daAuts
     D:5: 1477 daAuts
     D:4: 1451 daAuts
     D:7: 1422 daAuts
  Lair:5: 1410 daAuts
     D:9: 1407 daAuts
    D:13: 1397 daAuts
